 Dungeon Crawl Stone Soup version 0.25-a0-665-ga69d64035b (webtiles) character file.

Game seed: 14303395510055075158, levelgen mode: deterministic

27 kae the Gusty (level 3, -1/19 HPs)
             Began as a Tengu Air Elementalist on Mar 26, 2020.
             Slain by an adder (2 damage)
             ... on level 2 of the Dungeon.
             The game lasted 00:00:40 (739 turns).

kae the Gusty (Tengu Air Elementalist)               Turns: 739, Time: 00:00:41

Health: -1/19      AC:  3    Str:  8    XL:     3   Next: 10%
Magic:  0/7        EV: 12    Int: 16    God:
Gold:   53         SH:  0    Dex: 14    Spells: 5/6 levels left

rFire    . . .     SeeInvis .   (no weapon)
rCold    . . .     Gourm    .   (no shield)
rNeg     . . .     Faith    .   a - +1 robe
rPois    .         Spirit   .   (helmet restricted)
rElec    .         Reflect  .   (no cloak)
rCorr    .         Harm     .   (no gloves)
MR       .....                  (boots unavailable)
Stlth    ++........             (no amulet)
HPRegen  0.06/turn              (no ring)
MPRegen  0.10/turn              (no ring)

@: lethally poisoned (-1 -> -4)
A: beak, talons 3
a: no special abilities


You were on level 2 of the Dungeon.
You were not hungry.

You visited 1 branch of the dungeon, and saw 2 of its levels.

You collected 53 gold pieces.

Inventory:

Armour
 a - a +1 robe (worn)
Comestibles
 c - 3 rations


   Skills:
 - Level 2.1 Dodging
 - Level 2.0 Stealth
 + Level 2.3 Spellcasting
 * Level 3.0 Conjurations
 + Level 4.4 Air Magic


You had 5 spell levels left.
You knew the following spells:

 Your Spells              Type           Power        Failure   Level  Hunger
a - Shock                 Conj/Air       ##..         4%          1    #......

Your spell library contained the following spells:

 Spells                   Type           Power        Failure   Level  Hunger
 Swiftness                Chrm/Air       #.......     12%         2    ###....
 Static Discharge         Conj/Air       ##......     13%         3    ###....
 Airstrike                Air            ###.......   32%         4    #####..
 Lightning Bolt           Conj/Air       ##........   77%         5    ######.


Dungeon Overview and Level Annotations

Branches:
Dungeon (2/15)

Altars:


Innate Abilities, Weirdness & Mutations

You have a beak for a mouth.
You have claws for feet.


Message History

* * * LOW HITPOINT WARNING * * *
You feel sick.
Things that are here:
a ration; a dagger An adder comes into view.
* * * LOW HITPOINT WARNING * * *
You feel sick.
An adder comes into view.
The adder hisses angrily.
* * * LOW HITPOINT WARNING * * *
You feel sick.
Casting: Shock (safe; 4% risk of failure)
Confirm with . or Enter, or press ? or * to list all spells.
Aiming: Shock (safe; 4% risk of failure)
Press: ? - help, Shift-Dir - straight line, f - adder
Aim: an adder The zap hits the adder.
The adder is heavily wounded.
The adder bites you.
You die...

#########
##...#...##
##.....%...########
#..<..........S....
#..........S########
#...........@.......
##.........#........
##...#...##........
############.#####
.# .# #


You could see an adder.

Vanquished Creatures
  An adder (D:2)
  A ball python (D:1)
  2 giant cockroaches (D:1)
  3 goblins (D:1)
  3 hobgoblins (D:1)
  2 jackals (D:1)
  A kobold (D:1)
  A frilled lizard (D:2)
  2 rats (D:1)
16 creatures vanquished.

Notes
Turn   | Place    | Note
-------+----------+-------------------------------------------
     0 | D:1      | kae the Tengu Air Elementalist began the quest for the Orb.
     0 | D:1      | Reached XP level 1. HP: 10/10 MP: 4/4
   179 | D:1      | Reached XP level 2. HP: 12/15 MP: 4/6
   728 | D:2      | Reached XP level 3. HP: 5/19 MP: 0/7
   739 | D:2      | Slain by an adder

Levels and vault maps discovered:
D:1:      dpeg_arrival_chase, layout_loops_ring
D:2:      layout_rooms, dk_xom_monty_hall

Skill      XL: |  1  2 |
---------------+-------+-----
Conjurations   | 2 3 |  3.0
Dodging        | |  2.1
Stealth        | |  2.0
Spellcasting   | |  2.3
Air Magic      | |  4.4

Action                   || total
-------------------------++-------
Melee: Unarmed           ||     7
       Kick              ||     4
       Peck              ||     2
 Cast: Shock             ||    31
  Use: Scroll            ||     2
 Stab: Sleeping          ||     1
Dodge: Dodged            ||     3

Table legend:
 A = Non-vault XP
 B = Vault XP
 C = Vault XP percentage of total XP
 D = Non-vault monster count
 E = Vault monster count
 F = Vault count percentage of total count
                 A         B        C        D         E       F
            +---------+---------+-------+---------+---------+-------
      Total |      39 |       0 |   0.0 |      16 |       0 |   0.0
            +---------+---------+-------+---------+---------+-------
        D:1 |      25 |       0 |   0.0 |      14 |       0 |   0.0
        D:2 |      14 |       0 |   0.0 |       2 |       0 |   0.0
            +---------+---------+-------+---------+---------+-------
